 Dungeon Crawl Stone Soup version 0.23.2-33-g5129a83184 (webtiles) character file.

Game seed: 14286665017299423908

27093 doot the Thaumaturge (level 13, -13/88 HPs)
             Began as a Demonspawn Venom Mage on June 25, 2019.
             Was an Elder of Vehumet.
             Mangled by Rupert
             ... wielding a +2 great sword of holy wrath
              (15 damage)
             ... while paralysed by Rupert
             ... on level 4 of the Lair of Beasts on June 26, 2019.
             The game lasted 00:53:16 (20259 turns).

doot the Thaumaturge (Demonspawn Venom Mage)       Turns: 20259, Time: 00:53:16

Health: -13/88     AC:  9    Str: 13    XL:     13   Next: 2%
Magic:  0/28       EV:  2    Int: 26    God:    Vehumet [****..]
Gold:   548        SH:  0    Dex: 14    Spells: 7/34 levels left

rFire    . . .     SeeInvis +   E - +9 fustibalus of Hibeot {venom, rElec Str+3}
rCold    + + +     Gourm    .   (no shield)
rNeg     . . .     Faith    .   U - +1 robe {rC+}
rPois    .         Spirit   +   J - +2 hat {SInv}
rElec    +         Reflect  +   z - +1 cloak
rCorr    .         Harm     .   (no gloves)
MR       .....                  (boots unavailable)
Stlth    +++.......             K - +5 amulet of reflection
HPRegen  0.24/turn              Z - ring "Mefo" {rF+ rC+ SInv}
MPRegen  0.42/turn              R - ring "Yjyjen" {Ice Int+6}

@: confused, paralysed, very slightly contaminated, hasted, invisible
A: talons 3, icy blue scales 1, nightstalker 2, magic shield, magic regeneration
a: Renounce Religion


You were on level 4 of the Lair of Beasts.
You worshipped Vehumet.
Vehumet was greatly pleased with you.
You were very hungry.

You visited 4 branches of the dungeon, and saw 18 of its levels.
You also visited: Gauntlet.

You collected 810 gold pieces.
You spent 262 gold pieces at shops.

Inventory:

Hand Weapons
 h - a +3 rapier of draining
 j - the +4 shortbow "Otuulir" {venom, MR+ Dex+3}
   (You took it off a minotaur in a Gauntlet)

   It poisons the ammo it fires.
   It affects your dexterity (+3).
   It affects your resistance to hostile enchantments.
 y - a +1 whip of freezing
 E - the +9 fustibalus of Hibeot (weapon) {venom, rElec Str+3}
   (You found it on level 4 of the Lair of Beasts)

   It poisons the ammo it fires.
   It affects your strength (+3).
   It insulates you from electricity.
 I - a +2 dire flail of protection
Missiles
 m - 29 sling bullets (quivered)
 q - 4 throwing nets
Armour
 z - a +1 cloak (worn)
 H - a +2 pair of boots
 J - a +2 hat of see invisible (worn)
 U - a +1 robe of cold resistance (worn)
Magical Staves
 u - an uncursed staff of air
 x - an uncursed staff of summoning
 W - an uncursed staff of cold
Jewellery
 a - an uncursed ring of poison resistance
 f - the amulet of the Air {Inacc +Fly rElec EV+5 RMsl}
   (You found it in a Gauntlet)

   [amulet of inaccuracy]

   It reduces the accuracy of all your attacks.
   It affects your evasion (+5).
   It insulates you from electricity.
   It lets you fly.
   It protects you from missiles.
 g - a +2 ring of protection
 t - an uncursed ring of stealth
 A - an uncursed ring of protection from fire
 K - a +5 amulet of reflection (around neck)
 R - the ring "Yjyjen" (right hand) {Ice Int+6}
   (You found it on level 1 of the Lair of Beasts)

   [ring of ice]

   It enhances your ice magic.
   It affects your intelligence (+6).
   It makes you vulnerable to fire.
   It protects you from cold.
 Z - the ring "Mefo" (left hand) {rF+ rC+ SInv}
   (You found it in a Gauntlet)

   [ring of protection from fire]

   It protects you from fire.
   It protects you from cold.
   It lets you see invisible.
Wands
 s - a wand of acid (29)
 w - a wand of digging (13)
 F - a wand of paralysis (3)
 O - a wand of disintegration (19)
 Q - a wand of flame (22)
Scrolls
 b - 4 scrolls of remove curse
 d - 3 scrolls of teleportation
 e - 6 scrolls of amnesia
 i - 6 scrolls of fear {unknown}
 n - 3 scrolls of enchant weapon {unknown}
 D - a scroll of noise {unknown}
 G - 6 scrolls of enchant armour
 P - 2 scrolls of blinking {unknown}
 S - a scroll of magic mapping {unknown}
 T - a scroll of acquirement {unknown}
 V - 2 scrolls of immolation {unknown}
 Y - 2 scrolls of fog {unknown}
Potions
 k - a potion of brilliance
 l - a potion of magic
 p - 2 potions of cancellation
 v - 2 potions of mutation
 B - a potion of lignification
 C - a potion of haste
 L - 4 potions of agility
 X - a potion of resistance
Miscellaneous
 M - a box of beasts
 N - a crystal ball of energy
Comestibles
 c - 28 rations


   Skills:
 + Level 4.1 Fighting
 + Level 5.2 Maces & Flails
   Level 0.2 Polearms
 + Level 0.6 Slings
 + Level 4.2 Dodging
 + Level 4.1 Stealth
 + Level 11.0 Spellcasting
 * Level 10.5 Conjurations
 + Level 0.7 Fire Magic
 + Level 5.8 Air Magic
 + Level 2.8 Earth Magic
 + Level 10.6 Poison Magic
 + Level 0.3 Evocations


You had 7 spell levels left.
You knew the following spells:

 Your Spells              Type           Power        Failure   Level  Hunger
a - Sting                 Conj/Pois      ####         1%          1    None
b - Poisonous Vapours     Pois/Air       ######       1%          2    None
c - Olgreb's Toxic Radia  Pois           ######..     1%          4    None
d - Mephitic Cloud        Conj/Pois/Air  ######..     1%          3    None
e - Venom Bolt            Conj/Pois      ######....   1%          5    ###....
f - Stone Arrow           Conj/Erth      #####.       1%          3    None
g - Airstrike             Air            #####.....   1%          4    None
h - Bolt of Magma         Conj/Fire/Erth #####.....   4%          5    ###....

Your spell library contained the following spells:

 Spells                   Type           Power        Failure   Level  Hunger
 Magic Dart               Conj           ####         1%          1    None
 Sandblast                Erth           ####..       1%          1    None
 Searing Ray              Conj           ######       1%          2    None
 Dazzling Spray           Conj/Hex       #####.       1%          3    None
 Force Lance              Conj/Tloc      #####...     1%          4    None
 Fulminant Prism          Conj/Hex       #####.....   1%          4    None
 Iskenderun's Mystic Bla  Conj           ######..     1%          4    None
 Passwall                 Tmut/Erth      ###.....     3%          2    None
 Animate Skeleton         Necr           N/A          4%          1    None
 Apportation              Tloc           ##....       4%          1    None
 Confusing Touch          Hex            ##....       4%          1    None
 Summon Small Mammal      Summ           ##..         4%          1    None
 Lee's Rapid Deconstruct  Erth           ####......   10%         5    ###....
 Petrify                  Tmut/Erth      ###.....     22%         4    None


Dungeon Overview and Level Annotations

Branches:
Dungeon (12/15)            Temple (1/1) D:6            Lair (4/6) D:8
  Swamp (0/4) Lair:3        Snake (0/4) Lair:2          Orc (1/2) D:12

Altars:
Ashenzari
Cheibriados
Dithmenos
Elyvilon
Fedhas
Gozag
Hepliaklqana
Kikubaaqudgha
Makhleb
Nemelex Xobeh
Okawaru
Qazlal
Ru
Sif Muna
Trog
Uskayaw
Vehumet
Wu Jian
Xom
Yredelemnul
Zin
The Shining One

Shops:
D:5 }   D:8 [**[   D:11 *

Annotations:
D:6 Grinder
D:10 3 runed translucent doors, Urug; bmj180's ghost, novice GrEE
D:11 1 transporter
D:12 Azrael; Erolcha
Lair:3 exclusion: swamp worm
Lair:4 Rupert


Innate Abilities, Weirdness & Mutations

You have claws for feet.
You are partially covered in icy blue scales. (AC +2)
You are significantly more attuned to the shadows.
When hurt, damage is shared between your health and your magic reserves.
You regenerate magic rapidly.


Message History

Rupert hits you with a +2 great sword of holy wrath!!
You convulse!!
You feel yourself speed up. Rupert roars wildly at you.
You suddenly lose the ability to move!
Rupert hits you with a +2 great sword of holy wrath.
You convulse.
Rupert hits you with a +2 great sword of holy wrath!
* * * LOW HITPOINT WARNING * * *
You convulse.
* * * LOW HITPOINT WARNING * * *
Rupert hits you with a +2 great sword of holy wrath.
* * * LOW HITPOINT WARNING * * *
You convulse.
* * * LOW HITPOINT WARNING * * *
Rupert looks more healthy.
Rupert hits you with a +2 great sword of holy wrath!
* * * LOW HITPOINT WARNING * * *
You convulse!
You die...

...........# ### ..........# #.#
#..........# .# ###...........#
.# ### ####............## ##
#.### #.##..........P## #
#######..###..#.........###
#####.#P###...##............#
..#.............@...P.....###
..#..........P#@.....PP.###
......................###
.......................#
......................##
......................#..###
..........P...........#....#
............)........#....P###.#
.............. ...........P.#.##


You could see Rupert.

Vanquished Creatures
  Gastronok (Lair:1)
  A minotaur (Gauntlet)
  Fannar (Lair:3)
  2 two-headed ogres
  An unseen horror (D:11)
  2 ugly things (D:11)
  2 cyclopes (D:11)
  6 elephants (Lair:2)
  Joseph (D:10)
  2 black mambas
  3 komodo dragons
  4 spiny frogs
  2 rime drakes (Lair:4)
  A tengu conjurer (D:11)
  A queen bee (Gauntlet)
  A troll (D:12)
  A wolf spider simulacrum (Gauntlet)
  2 polar bears (Lair:3)
  A tyrant leech (Lair:3)
  A hornet (D:8)
  2 hippogriffs
  3 wyverns
  A centaur simulacrum (Gauntlet)
  2 shadows (Gauntlet)
  17 yaks
  3 basilisks
  2 hungry ghosts
  A redback simulacrum (Gauntlet)
  A harpy simulacrum (Gauntlet)
  6 nagas (Lair:2)
  2 swamp worms (Lair:3)
  9 water moccasins
  2 porcupines
  3 sky beasts
  3 black bears
  3 ice beasts
  7 orc warriors
  A phantom (D:9)
  3 centaurs
  4 ogres
  4 crocodiles
  A big kobold (D:12)
  14 bullfrogs
  3 gnoll sergeants (D:5)
  A wyvern skeleton (D:8)
  5 scorpions
  9 killer bees
  5 wights
  4 howler monkeys
  3 electric eels
  A crimson imp (D:6)
  2 bullfrog zombies (D:12)
  2 centaur zombies
  3 jellies
  4 centaur skeletons
  7 orc priests
  2 gnoll shamans (D:5)
  13 hounds
  7 orc wizards
  A bullfrog skeleton (D:5)
  Ijyb (D:5)
  9 worker ants
  2 iguanas
  2 hound zombies (D:6)
  2 hound skeletons (D:8)
  A worker ant zombie (D:7)
  24 gnolls
  A howler monkey skeleton (D:4)
  A river rat (Lair:1)
  12 adders
  A shadow imp (D:7)
  An ooze (D:7)
  A worm (D:6)
  A dart slug (D:1)
  4 leopard geckos
  23 orcs
  3 giant cockroaches
  3 hobgoblins
  9 jackals
  8 kobolds
  3 quokkas
  2 ball pythons
  4 bats (D:1)
  4 frilled lizards
  7 goblins
  A leopard gecko skeleton (D:4)
  A quokka skeleton (D:4)
  A quokka zombie (D:3)
  10 rats
344 creatures vanquished.

Vanquished Creatures (others)
  An orc (Orc:1)
  2 demonic plants (Gauntlet)
  A fungus (Lair:4)
4 creatures vanquished.

Grand Total: 348 creatures vanquished

Notes
Turn   | Place    | Note
-------+----------+-------------------------------------------
     0 | D:1      | doot the Demonspawn Venom Mage began the quest for the Orb.
     0 | D:1      | Reached XP level 1. HP: 13/13 MP: 3/3
   332 | D:1      | Gained mutation: You have sharp toenails. [demonic
                  | ancestry]
   332 | D:1      | Reached XP level 2. HP: 15/19 MP: 0/5
   423 | D:1      | Learned a level 2 spell: Poisonous Vapours
  1131 | D:1      | Gained mutation: You are slightly more attuned to the
                  | shadows. [demonic ancestry]
  1131 | D:1      | Reached XP level 3. HP: 24/24 MP: 1/6
  1978 | D:3      | Reached skill level 1 in Air Magic
  1978 | D:3      | Reached XP level 4. HP: 30/30 MP: 3/7
  1984 | D:3      | Learned a level 4 spell: Olgreb's Toxic Radiance
  2139 | D:3      | Found a shadowy altar of Dithmenos.
  2328 | D:4      | Reached XP level 5. HP: 17/35 MP: 7/9
  2527 | D:4      | Reached skill level 3 in Spellcasting
  2584 | D:4      | Noticed a phantom
  2731 | D:5      | Entered Level 5 of the Dungeon
  2734 | D:5      | Noticed Ijyb
  2751 | D:5      | Killed Ijyb
  2860 | D:5      | Gained mutation: You are partially covered in icy blue
                  | scales. (AC +2) [demonic ancestry]
  2860 | D:5      | Reached XP level 6. HP: 41/41 MP: 2/11
  3076 | D:5      | Noticed an ice beast
  3167 | D:4      | Reached skill level 1 in Maces & Flails
  3480 | D:4      | Killed an ice beast
  3605 | D:5      | Reached skill level 1 in Fighting
  3605 | D:5      | Reached skill level 4 in Spellcasting
  3605 | D:5      | Reached XP level 7. HP: 14/48 MP: 5/13
  3941 | D:5      | Reached skill level 5 in Poison Magic
  4298 | D:5      | Found Ipeluus's Gadget Shoppe.
  4754 | D:5      | Gained mutation: When hurt, damage is shared between your
                  | health and your magic reserves. [demonic ancestry]
  4754 | D:5      | Reached XP level 8. HP: 55/55 MP: 9/15
  4826 | D:5      | Reached skill level 5 in Spellcasting
  5202 | D:5      | Found a bloodstained altar of Trog.
  5419 | D:5      | Learned a level 3 spell: Mephitic Cloud
  5425 | D:5      | Learned a level 5 spell: Venom Bolt
  5562 | D:6      | Noticed Grinder
  5919 | D:6      | Found a staircase to the Ecumenical Temple.
  5928 | Temple   | Entered the Ecumenical Temple
  6024 | Temple   | Became a worshipper of Vehumet
  7592 | D:8      | Found Sergh's Assorted Antiques.
  7604 | D:8      | Bought a potion of curing for 48 gold pieces
  7838 | D:8      | Found Guytot's Armour Emporium.
  7853 | D:8      | Learned a level 3 spell: Stone Arrow
  7855 | D:8      | Bought a +2 pair of boots for 214 gold pieces
  7884 | D:8      | Found a staircase to the Lair.
  7904 | D:8      | Noticed a hornet
  7910 | D:8      | Killed a hornet
  7910 | D:8      | Gained mutation: You regenerate magic rapidly. [demonic
                  | ancestry]
  7910 | D:8      | Reached XP level 9. HP: 62/62 MP: 8/17
  8224 | D:8      | Found Sosut's Armour Emporium.
  8234 | D:8      | Reached * piety under Vehumet
  8234 | D:8      | Offered knowledge of Magic Dart by Vehumet.
  8334 | D:8      | Found Hanitau's Assorted Antiques.
  8601 | D:9      | Reached skill level 6 in Spellcasting
  8771 | D:9      | Reached skill level 5 in Conjurations
  9834 | D:10     | Entered Level 10 of the Dungeon
  9888 | D:10     | Found a runed translucent gate.
  9889 | D:10     | Found a runed translucent gate.
  9890 | D:10     | Found a runed translucent gate.
  9949 | D:10     | Noticed a freezing wraith
  9951 | D:10     | Noticed bmj180's ghost (novice GrEE)
 10132 | D:10     | Noticed a two-headed ogre
 10165 | D:10     | Killed a two-headed ogre
 10165 | D:10     | Reached skill level 7 in Spellcasting
 10165 | D:10     | Reached skill level 1 in Earth Magic
 10165 | D:10     | Gained mutation: You have razor-sharp toenails. [demonic
                  | ancestry]
 10165 | D:10     | Reached XP level 10. HP: 22/69 MP: 1/20
 10495 | D:10     | Noticed a gargoyle
 10590 | Lair:1   | Entered Level 1 of the Lair of Beasts
 10813 | Lair:1   | Got a translucent lead ring
 10819 | Lair:1   | Identified the ring "Yjyjen" {Ice Int+6} (You found it on
                  | level 1 of the Lair of Beasts)
 10894 | Lair:1   | Noticed a spiny frog
 10906 | Lair:1   | Killed a spiny frog
 11248 | Lair:1   | Offered knowledge of Shock by Vehumet.
 11462 | Lair:1   | Noticed Gastronok
 11485 | Lair:1   | Reached skill level 8 in Spellcasting
 11489 | Lair:1   | Reached ** piety under Vehumet
 11735 | Lair:1   | Killed Gastronok
 11735 | Lair:1   | Gained mutation: You are significantly more attuned to the
                  | shadows. [demonic ancestry]
 11735 | Lair:1   | Reached XP level 11. HP: 69/75 MP: 1/23
 12335 | Lair:2   | Reached skill level 9 in Spellcasting
 12717 | Lair:2   | Found a staircase to the Snake Pit.
 13548 | Lair:3   | Noticed Fannar
 13583 | Lair:3   | Killed Fannar
 14492 | D:10     | Noticed Joseph
 14504 | D:10     | Killed Joseph
 14924 | D:11     | Reached skill level 10 in Spellcasting
 14924 | D:11     | Gained mutation: You have claws for feet. [demonic
                  | ancestry]
 14924 | D:11     | Reached XP level 12. HP: 83/83 MP: 10/26
 15002 | D:11     | Reached skill level 10 in Poison Magic
 15109 | D:11     | Found a transporter.
 15117 | D:11     | Noticed an ogre mage
 15128 | D:11     | Noticed an orc high priest
 15130 | D:11     | Offered knowledge of Static Discharge by Vehumet.
 15227 | D:11     | Reached *** piety under Vehumet
 15572 | D:11     | Reached skill level 5 in Air Magic
 15850 | D:11     | Offered knowledge of Airstrike by Vehumet.
 15866 | D:11     | Learned a level 4 spell: Airstrike
 15945 | D:11     | Noticed a two-headed ogre
 15948 | D:11     | Killed a two-headed ogre
 15948 | D:11     | Reached skill level 5 in Maces & Flails
 15972 | D:11     | Found a deep blue altar of Sif Muna.
 15994 | D:11     | Found Xystaecu's General Store.
 16509 | D:12     | Found a gate leading to a gauntlet.
 16558 | Gauntlet | Entered a Gauntlet
 16558 | Gauntlet | Found a transporter.
 16570 | Gauntlet | Found the amulet of the Air {Inacc +Fly rElec EV+5 RMsl}
 16571 | Gauntlet | Found a transporter.
 16573 | Gauntlet | Found a transporter.
 16621 | Gauntlet | Found a transporter.
 16629 | Gauntlet | Found a transporter.
 16636 | Gauntlet | Found a transporter.
 16658 | Gauntlet | Found a transporter.
 16658 | Gauntlet | Noticed a balrug
 16670 | Gauntlet | Found a transporter.
 16688 | Gauntlet | Found a transporter.
 16700 | Gauntlet | Found a transporter.
 16712 | Gauntlet | Found a transporter.
 16724 | Gauntlet | Found a transporter.
 16746 | Gauntlet | Found a transporter.
 16758 | Gauntlet | Found a transporter.
 16760 | Gauntlet | Found a transporter.
 16823 | Gauntlet | Found a transporter.
 16847 | Gauntlet | Found a transporter.
 16919 | Gauntlet | Found a transporter.
 16949 | Gauntlet | Reached skill level 10 in Conjurations
 16967 | Gauntlet | Got a sparkling ivory ring
 16984 | Gauntlet | Identified the ring "Mefo" {rF+ rC+ SInv} (You found it in
                  | a Gauntlet)
 17029 | Gauntlet | HP: 5/124 [harpy simulacrum (2)]
 17398 | Gauntlet | Identified the +4 shortbow "Otuulir" {venom, MR+ Dex+3}
 17398 | Gauntlet | Noticed a minotaur
 17456 | Gauntlet | Killed a minotaur
 17763 | D:12     | Upgraded the game from 0.23.2-30-g0e89c35649 to
                  | 0.23.2-33-g5129a83184
 17887 | D:12     | Noticed Erolcha
 17911 | D:12     | Noticed Azrael
 17949 | D:12     | Reached **** piety under Vehumet
 18103 | D:12     | Noticed a two-headed ogre
 18113 | D:12     | Found a staircase to the Orcish Mines.
 18142 | Orc:1    | Entered Level 1 of the Orcish Mines
 18148 | Orc:1    | Offered knowledge of Bolt of Magma by Vehumet.
 18149 | Orc:1    | Reached skill level 11 in Spellcasting
 18157 | D:12     | Learned a level 5 spell: Bolt of Magma
 18366 | D:10     | Noticed Urug
 18652 | Lair:3   | Found a staircase to the Swamp.
 19289 | Lair:4   | Noticed a four-headed hydra
 19597 | Lair:4   | Got a fine fustibalus
 19598 | Lair:4   | Identified the +9 fustibalus of Hibeot {venom, rElec Str+3}
                  | (You found it on level 4 of the Lair of Beasts)
 20054 | Lair:4   | Reached XP level 13. HP: 88/88 MP: 20/28
 20226 | Lair:4   | Noticed Rupert
 20239 | Lair:4   | Paralysed by Rupert for 5 turns
 20256 | Lair:4   | Paralysed by Rupert for 6 turns
 20259 | Lair:4   | HP: 2/88 [Rupert/+2 great sword of holy wrath (12)]
 20259 | Lair:4   | Mangled by Rupert

Skill      XL: |  1  2  3  4  5  6  7  8  9 10 11 12 |
---------------+-------------------------------------+-----
Stealth        | 2 3 4 |  4.1
Air Magic      | 1 2 3 4 5 |  5.8
Poison Magic   | 4 5 6 7 8 9 10 | 10.6
Spellcasting   | 3 4 5 7 8 10 11 | 11.0
Dodging        | 2 3 4 |  4.2
Maces & Flails | 1 2 3 4 5 |  5.2
Fighting       | 1 2 3 4 |  4.1
Conjurations   | 2 4 6 7 9 10 | 10.5
Earth Magic    | 1 2 |  2.8
Polearms       | |  0.2
Slings         | |  0.6
Fire Magic     | |  0.7
Evocations     | |  0.3

Action                   |  1- 3 |  4- 6 |  7- 9 | 10-12 | 13-15 || total
-------------------------+-------+-------+-------+-------+-------++-------
Melee: Unarmed           |    15 |       |       |       |       ||    15
       Kick              |     1 |     8 |    43 |    15 |       ||    67
       Flail             |       |    36 |       |       |       ||    36
       Whip              |       |     3 |   201 |    42 |       ||   246
       Trident           |       |       |    11 |       |       ||    11
       Dire flail        |       |       |       |    70 |       ||    70
       Staff             |       |       |       |     4 |       ||     4
 Fire: Fustibalus        |       |       |       |    15 |     4 ||    19
Throw: Throwing net      |       |       |     1 |       |       ||     1
 Cast: Sting             |    27 |     6 |    13 |     6 |       ||    52
       Poisonous Vapours |    29 |    24 |   113 |    53 |       ||   219
       Olgreb's Toxic Ra |       |     7 |    25 |    47 |     1 ||    80
       Stone Arrow       |       |       |    13 |    77 |       ||    90
       Mephitic Cloud    |       |       |     1 |     1 |       ||     2
       Venom Bolt        |       |       |       |    90 |     1 ||    91
       Airstrike         |       |       |       |    32 |     4 ||    36
       Bolt of Magma     |       |       |       |     6 |       ||     6
Evoke: Wand              |       |       |     1 |     3 |       ||     4
  Use: Potion            |       |       |     1 |    14 |     2 ||    17
       Scroll            |       |       |    12 |     6 |       ||    18
 Stab: Sleeping          |       |     1 |     6 |       |       ||     7
       Confused          |       |       |       |     2 |       ||     2
       Invisible         |       |       |       |     1 |       ||     1
  Eat: Chunk             |     5 |     3 |    23 |    30 |       ||    61
       Ration            |       |     1 |     2 |     4 |       ||     7
Armor: Robe              |    22 |    21 |    92 |   113 |     2 ||   250
       Skin              |       |       |       |    11 |       ||    11
Dodge: Dodged            |    51 |    41 |   158 |   175 |     3 ||   428
Block: Other             |       |       |     3 |    75 |       ||    78
       Reflection        |       |       |       |     7 |       ||     7
